AoeStats
← Nargaburzum

Arena

509269215Analyzed
4v4 RM · 7d ago on Sep 26, 2026· 49m 46s· 8 players
Game mode
Random Map
Map size
Large (8 player)
Population
200
Speed
Normal
Resources
Standard
Victory
Conquest
Starting age
Dark Age
Ending age
Imperial Age
RankedLock teamsTeams togetherTeam positionsShared explorationLock speedFull tech treeHidden civsTurbo modeCheats
Victory
Defeat
🇨🇴 Saracens · Colombia
1309
+13
🇧🇴 Teutons · Bolivia
1309
+13
🇨🇱 Romans · Chile
1299
+13
🇬🇧 Bulgarians · United Kingdom
1291
+14
🇲🇽 Jurchens · Mexico
1251
-14
🇲🇽 Varangians · Mexico
1251
-14
🇲🇽 Chinese · Mexico
1230
-13
🇬🇧 Persians · United Kingdom
1220
-12
lucasmauriciogona
10:49 Feudal Age
11:41 Loom
14:46 Castle Age
12:58 Double-Bit Axe
13:14 Horse Collar
14:10 Gold Mining
15:49 Bow Saw
16:07 Heavy Plow
18:10 Scale Mail Armor
22:26 Pikeman
25:10 Wheelbarrow
25:24 Redemption
26:33 Squires
26:35 Scale Mail Armor
27:51 Hand Cart
27:21 Town Watch
28:26 Chain Mail Armor
30:00 Forging
33:55 Imperial Age
32:18 Iron Casting
33:08 Ballistas
33:30 Stone Mining
34:17 Gold Shaft Mining
34:37 Fervor
34:29 Herbal Medicine
35:42 Conscription
36:31 Blast Furnace
35:45 Masonry
37:20 Ballistics
37:32 Architecture
37:08 Siege Engineers
37:57 Fletching
37:32 Halberdier
37:34 Heavy Scorpion
38:53 Bodkin Arrow
40:33 Chemistry
42:05 Crop Rotation
41:51 Murder Holes
42:07 Fortified Wall
41:57 Capped Ram
45:34 Siege Ram
49:12 Padded Archer Armor
49:22 Scale Barding Armor
jcboevey
9:12 Feudal Age
9:47 Double-Bit Axe
9:47 Horse Collar
16:30 Castle Age
17:24 Bow Saw
18:15 Wheelbarrow
17:43 Heavy Plow
19:21 Loom
20:55 Scale Barding Armor
22:04 Bloodlines
24:14 Forging
25:06 Gold Mining
25:10 Stone Mining
26:13 Hand Cart
28:25 Chain Barding Armor
28:41 Iron Casting
28:44 Husbandry
32:39 Imperial Age
31:15 Fletching
32:41 Elite Konnik
33:42 Conscription
34:17 Plate Barding Armor
34:43 Blast Furnace
34:34 Bodkin Arrow
34:40 Scale Mail Armor
36:48 Ballistics
40:41 Murder Holes
41:50 Chemistry
42:01 Stirrups
42:10 Bracer
42:26 Chain Mail Armor
42:12 Padded Archer Armor
46:05 Plate Mail Armor
45:31 Gambesons
45:47 Squires
45:52 Bagains
47:10 Heavy Scorpion
47:57 Caravan
DanielP1lot
5:11 Loom
11:43 Feudal Age
13:59 Double-Bit Axe
16:16 Castle Age
14:33 Horse Collar
20:03 Forging
20:21 Scale Barding Armor
21:53 Iron Casting
26:45 Town Watch
27:44 Heavy Plow
28:18 Chain Barding Armor
30:13 Wheelbarrow
30:53 Ballistics
34:38 Imperial Age
32:36 Bloodlines
32:27 Husbandry
33:55 Caravan
34:19 Hand Cart
33:58 Gold Mining
35:59 Conscription
39:09 Chemistry
39:49 Blast Furnace
39:22 Parthian Tactics
39:03 Thumb Ring
40:14 Plate Barding Armor
39:05 Elite Mameluke
Codiman
8:55 Loom
11:12 Feudal Age
12:07 Horse Collar
12:15 Double-Bit Axe
17:04 Castle Age
16:20 Town Watch
18:37 Bow Saw
19:01 Town Patrol
21:16 Fletching
28:06 Bodkin Arrow
30:25 Heavy Plow
31:47 Wheelbarrow
35:32 Imperial Age
33:27 Gold Mining
37:27 Ballistics
37:16 Scale Mail Armor
37:27 Forging
38:27 Chain Mail Armor
38:47 Iron Casting
39:23 Chemistry
38:48 Elite Teutonic Knight
40:37 Plate Mail Armor
41:07 Blast Furnace
42:17 Caravan
43:36 Blast Furnace
48:59 Ironclad
48:41 Padded Archer Armor
48:47 Scale Barding Armor
RMXs | Arobledoz
10:38 Feudal Age
15:43 Castle Age
13:57 Double-Bit Axe
15:13 Gold Mining
17:20 Bow Saw
22:44 Wheelbarrow
26:02 Gold Shaft Mining
25:18 Horse Collar
27:31 Hand Cart
31:56 Imperial Age
29:50 Stone Mining
30:31 Heavy Plow
31:10 Stone Shaft Mining
31:37 Town Watch
31:38 Loom
33:02 Fortified Wall
35:32 Chemistry
34:38 Town Patrol
37:09 Two-Man Saw
Maximus1743
11:19 Feudal Age
15:20 Castle Age
13:27 Horse Collar
14:03 Double-Bit Axe
15:00 Scale Barding Armor
15:44 Bloodlines
19:17 Husbandry
21:11 Wheelbarrow
21:30 Gold Mining
23:34 Chain Barding Armor
23:25 Forging
26:22 Hand Cart
29:28 Hand Cart
32:00 Imperial Age
30:21 Bow Saw
30:22 Town Watch
30:31 Loom
33:07 Heavy Plow
34:14 Two-Man Saw
32:50 Cavalier
35:23 Iron Casting
37:44 Plate Barding Armor
40:52 Crop Rotation
41:09 Conscription
43:24 Blast Furnace
44:24 Fletching
46:08 Crossbowman
Nargaburzum
0:37 Loom
10:18 Feudal Age
14:08 Castle Age
12:32 Double-Bit Axe
14:06 Scale Mail Armor
16:23 Forging
17:46 Chain Mail Armor
19:33 Iron Casting
21:26 Wheelbarrow
21:43 Bow Saw
21:14 Horse Collar
24:04 Hand Cart
26:38 Heavy Plow
26:39 Fletching
27:31 Bodkin Arrow
28:09 Padded Archer Armor
29:14 Thumb Ring
30:33 Ballistics
31:11 Gold Mining
35:11 Imperial Age
32:53 Husbandry
34:00 Gold Shaft Mining
34:00 Town Watch
36:00 Bracer
37:03 Chemistry
37:40 Leather Archer Armor
37:54 Bloodlines
39:44 Ring Archer Armor
45:38 Masonry
44:51 Capped Ram
46:05 Siege Ram
TheRazorsEdge
10:31 Feudal Age
15:19 Castle Age
13:26 Double-Bit Axe
13:51 Horse Collar
15:35 Scale Barding Armor
16:33 Bow Saw
17:56 Loom
18:36 Heavy Plow
20:21 Gold Mining
22:10 Bloodlines
22:49 Wheelbarrow
23:22 Chain Barding Armor
24:06 Husbandry
24:40 Forging
26:05 Iron Casting
31:47 Fletching
32:50 Gold Shaft Mining
34:15 Light Cavalry
38:33 Imperial Age
39:32 Plate Barding Armor
39:47 Crop Rotation
40:22 Blast Furnace
39:34 Hussar
39:55 Cavalier
42:16 Two-Man Saw
42:44 Savar
45:23 Conscription
46:14 Bodkin Arrow
Connection lost

Rejoining the realm…

Still unreachable

The connection could not be restored.

Session expired

The server has moved on; the page needs a fresh start.